 Dungeon Crawl Stone Soup version 0.26-a0-808-g930a2b7adc (webtiles) character file.

Game seed: 8417655490755731030

1872 Decritt the Grappler (level 8, 80/80 HPs)
             Began as a Troll Monk on Nov 12, 2020.
             Quit the game on level 6 of the Dungeon.
             The game lasted 00:10:14 (4206 turns).

Decritt the Grappler (Troll Monk)                   Turns: 4206, Time: 00:10:15

Health: 80/80      AC:  8    Str: 22    XL:     8   Next: 91%
Magic:  7/7        EV: 25    Int:  6    God:
Gold:   568        SH:  9    Dex: 12    Spells: 7/7 levels left

rFire    . . .     SeeInvis +     - Unarmed
rCold    . . .     Faith    .   t - +0 kite shield
rNeg     + . .     Spirit   .   k - +1 robe {rN+}
rPois    .         Reflect  .   (helmet restricted)
rElec    .         Harm     .   j - +0 cloak
rCorr    .         Rampage  .   (gloves unavailable)
MR       .....                  (boots unavailable)
Stlth    ++........             d - amulet of the acrobat
HPRegen  0.63/turn              s - ring of see invisible
MPRegen  0.10/turn              (no ring)

@: acrobat
A: large, unfitting armour, claws 3, regeneration 1, shaggy fur 1, tough skin 3
a: no special abilities


You were on level 6 of the Dungeon.
You visited 1 branch of the dungeon, and saw 6 of its levels.
You also visited: Ossuary.

You collected 568 gold pieces.

Inventory:

Armour
 a - a +0 robe
 j - a +0 cloak (worn)
 k - a +1 robe of positive energy (worn)
 t - a +0 kite shield (worn)
Jewellery
 d - an amulet of the acrobat (around neck)
 s - a ring of see invisible (left claw)
Wands
 q - a wand of digging (6)
 u - a wand of enslavement (6)
Scrolls
 c - 4 scrolls of remove curse {unknown}
 e - a scroll of random uselessness {unknown}
 g - a scroll of noise {unknown}
 h - a scroll of fog {unknown}
 l - 4 scrolls of teleportation {unknown}
 m - 3 scrolls of identify {unknown}
 n - 2 scrolls of enchant armour {unknown}
 o - 4 scrolls of enchant weapon {unknown}
 p - 2 scrolls of immolation {unknown}
 y - a scroll of fear {unknown}
Potions
 b - 3 potions of curing {unknown}
 f - 2 potions of flight {unknown}
 i - 6 potions of heal wounds {unknown}
 r - a potion of ambrosia {unknown}
 v - 2 potions of degeneration {unknown}
 w - a potion of attraction {unknown}
 x - 2 potions of haste {unknown}
 z - a potion of might {unknown}
 A - a potion of cancellation {unknown}
 B - a potion of mutation {unknown}


   Skills:
 + Level 5.1 Fighting
 + Level 5.1 Dodging
 - Level 1.0 Stealth
 + Level 2.9 Shields
 * Level 8.3 Unarmed Combat


You had 7 spell levels left.
You didn't know any spells.
Your spell library contained the following spells:

 Spells                   Type           Power        Failure   Level
 Animate Skeleton         Necr           #.....       88%         1
 Apportation              Tloc           #.....       88%         1
 Corona                   Hex            #......      88%         1
 Magic Dart               Conj           #...         88%         1
 Summon Small Mammal      Summ           #...         88%         1
 Searing Ray              Conj           #.....       95%         2
 Dazzling Flash           Conj/Hex       #.....       99%         3
 Fulminant Prism          Conj/Hex       #.........   100%        4
 Iskenderun's Mystic Bla  Conj/Tloc      #.......     100%        4


Dungeon Overview and Level Annotations

Branches:
Dungeon (6/15)             Temple (0/1) D:6         Ossuary (visited)

Altars:
Cheibriados
Dithmenos
Makhleb
Nemelex Xobeh
Qazlal
Trog
Vehumet


Innate Abilities, Weirdness & Mutations

You are too large for most types of armour.
You have claws for hands.
Your natural rate of healing is unusually fast.
You are covered in fur. (AC +1)
You have extremely tough skin. (AC +3)


Message History

You block the wight's attack.
You claw the wight!
You destroy the wight!
No target in view!
No target in view!
No target in view!
You now have 560 gold pieces (gained 11).
Things that are here:
a +0 dagger; a +0 robe
Things that are here:
a +4 great sword; a cursed +0 robe
There is a stone staircase leading down here.
Things that are here:
a +0 dagger; a +0 robe You now have 568 gold pieces (gained 8).
Things that are here:
a +3 flail; a +0 robe
v - 2 bubbling golden potions (gained 1)
A centaur comes into view.
Are you sure you want to abandon this character and quit the game? (Confirm with "yes".)

.. #.......#....########
...###.......####.........
.............# #########.
.........>...# ##
.......)))...#
#............# #
##........#### ####
##.###......## #..# #
#.#@.#..### #.##
#..........## #<##
.c...#..##.....### #.##
##...#...###.#...####.##
#....... #...........#
#.....#..# #####.#####.# #
#...... ........#..#
#...#..## ###.......#
.....####...#####


You could see a centaur (asleep).

Vanquished Creatures
  A water moccasin (D:6)
  2 ice beasts (D:6)
  2 sky beasts (D:6)
  A necrophage (D:5)
  An ogre (D:5)
  2 centaurs
  5 scorpions
  3 wights (D:6)
  A centaur zombie (D:6)
  2 hounds
  Crazy Yiuf (D:2)
  An orc priest (D:4)
  An orc wizard (D:4)
  A statue (D:5)
  5 worker ants
  A killer bee zombie (D:6)
  A big kobold zombie (Ossuary)
  8 mummies (Ossuary)
  A hound skeleton (D:6)
  A howler monkey skeleton (D:5)
  9 adders
  A shadow imp (D:6)
  2 white imps
  An ufetubus (D:5)
  An ooze (D:1)
  An adder zombie (D:6)
  3 worms
  3 dart slugs
  7 leopard geckos
  3 orcs
  13 bats
  9 giant cockroaches
  A goblin (D:1)
  10 hobgoblins
  8 jackals
  2 quokkas
  A ball python (D:1)
  6 frilled lizards
  A hobgoblin zombie (Ossuary)
  6 kobolds
  2 kobold zombies (Ossuary)
  4 orc zombies (Ossuary)
  6 rats
141 creatures vanquished.

Notes
Turn   | Place    | Note
-------+----------+-------------------------------------------
     0 | D:1      | Decritt the Troll Monk began the quest for the Orb.
     0 | D:1      | Reached XP level 1. HP: 22/22 MP: 0/0
   162 | D:1      | Reached XP level 2. HP: 29/29 MP: 1/1
   507 | D:1      | Reached XP level 3. HP: 35/36 MP: 2/2
   648 | D:2      | Found a runed translucent door.
   649 | D:2      | Noticed Crazy Yiuf
   714 | D:2      | Killed Crazy Yiuf
   714 | D:2      | Reached skill level 4 in Unarmed Combat
   831 | D:2      | Found a burning altar of Makhleb.
   878 | D:2      | Reached XP level 4. HP: 44/44 MP: 3/3
   907 | D:2      | Found a stormy altar of Qazlal.
  1692 | D:3      | Found a bloodstained altar of Trog.
  1767 | D:3      | Reached XP level 5. HP: 52/53 MP: 4/4
  1783 | D:3      | You fall into a shaft and drop 2 floors!
  1783 | D:5      | Entered Level 5 of the Dungeon
  1783 | D:5      | Found a radiant altar of Vehumet.
  1784 | D:5      | Noticed a charred statue
  1792 | D:5      | Killed a charred statue
  1798 | D:5      | Noticed a centaur
  1811 | D:5      | Killed a centaur
  1811 | D:5      | Reached skill level 5 in Unarmed Combat
  1919 | D:5      | Reached XP level 6. HP: 61/61 MP: 5/5
  2164 | D:4      | Found a snail-covered altar of Cheibriados.
  2488 | D:4      | Reached skill level 6 in Unarmed Combat
  2534 | D:4      | Reached XP level 7. HP: 66/68 MP: 6/6
  2725 | D:4      | Found a sparkling altar of Nemelex Xobeh.
  3105 | D:5      | Found a shadowy altar of Dithmenos.
  3272 | D:5      | Reached skill level 1 in Shields
  3543 | D:6      | Reached skill level 7 in Unarmed Combat
  3556 | D:6      | Reached XP level 8. HP: 33/79 MP: 7/7
  3654 | D:6      | Found a sand-covered staircase.
  3663 | Ossuary  | Entered an ossuary
  3958 | D:6      | Found a staircase to the Ecumenical Temple.
  4086 | D:6      | Reached skill level 5 in Fighting
  4086 | D:6      | Reached skill level 8 in Unarmed Combat
  4098 | D:6      | Reached skill level 5 in Dodging
  4206 | D:6      | Quit the game

Illustrated notes

Levels and vault maps discovered:
D:1:      minmay_arrival_split_and_join, layout_basic, minmay_heptomino_l4
D:2:      layout_loops_ring, bloody_makhleb, lemuel_crystal_altar,
          uniq_crazy_yiuf_cottage
D:3:      layout_loops_ring, lightli_temple_of_fire
D:4:      layout_rooms, old_standard_altar, nemelex_spade_bored_becter
D:5:      layout_loops_ring, vehumet_statue, nicolae_overflow_hidden_temple,
          nicolae_dithmenos_through_a_glass_darkly, supply_closet_lemuel,
          minivault_19
D:6:      layout_rooms, elyvilon_altar_5, minmay_temple_entry_from_below_a,
          nicolae_ossuary_entry_monument, uniq_menkaure

Skill      XL: |  1  2  3  4  5  6  7  8 |
---------------+-------------------------+-----
Unarmed Combat | 4 5 6 7 8 |  8.3
Fighting       | 3 4 5 |  5.1
Dodging        | 3 4 5 |  5.1
Shields        | 1 2 |  2.9
Stealth        | |  1.0

Action                   |  1- 3 |  4- 6 |  7- 9 || total
-------------------------+-------+-------+-------++-------
Melee: Unarmed           |    63 |   194 |   181 ||   438
       Punch             |       |     2 |       ||     2
 Stab: Sleeping          |     2 |     1 |     1 ||     4
       Distracted        |       |     1 |       ||     1
Armor: Robe              |    15 |    51 |    68 ||   134
Dodge: Dodged            |    43 |   115 |    80 ||   238
Block: Kite shield       |       |       |    70 ||    70

Table legend: (Time is in decaauts)
 A = Elapsed time spent in this place.
 B = Non-inter-level travel time spent in this place.
 C = Inter-level travel time spent in this place.
 D = Time resting spent in this place.
 E = Time spent auto-exploring this place.
 F = Levels seen in this place.
 G = Mean time per level.
                   A        B        C        D        E       F      G
               +--------+--------+--------+--------+--------+-----+--------+
         Total |   4176 |   4006 |    170 |    100 |   2946 |   7 |  596.6 |
       Dungeon |   3971 |   3801 |    170 |    100 |   2824 |   6 |  661.8 |
       Ossuary |    204 |    204 |      0 |      0 |    122 |   1 |  204.0 |
               +--------+--------+--------+--------+--------+-----+--------+

Top non-repeatable levels by time:
     D:5: 909 daAuts
     D:2: 767 daAuts
     D:4: 647 daAuts
     D:1: 633 daAuts
     D:3: 554 daAuts
     D:6: 460 daAuts
 Ossuary: 204 daAuts
